 Dungeon Crawl Stone Soup version 0.31.0-4-g52a2dc7128 (webtiles) character file.

Game seed: 4048876089990953605

222 BeingJoeMalik the Poker (level 5, -1/61 HPs)
             Began as a Merfolk Delver on Jan 23, 2024.
             Slain by Crazy Yiuf
             ... wielding a +4 quarterstaff of chaos
              (2 damage)
             ... on level 2 of the Dungeon.
             The game lasted 00:06:18 (2073 turns).

BeingJoeMalik the Poker (Merfolk Delver)            Turns: 2073, Time: 00:06:19

Health: -1/61      AC: 22    Str: 13    XL:     5   Next: 99%
Magic:  5/5        EV:  2    Int:  9    God:
Gold:   65         SH:  0    Dex: 17    Spells: 4/4 levels left

rFire   . . .        p - +0 scythe
rCold   . . .        (shield currently unavailable)
rNeg    . . .        b - melded +0 leather armour
rPois   +            o - melded +0 helmet
rElec   .            (cloak currently unavailable)
rCorr   .            (gloves currently unavailable)
SInv    .            (boots currently unavailable)
Will    .....        (no amulet)
Stlth   +++          k - ring of poison resistance
HPRegen 0.30/turn    (no ring)
MPRegen 0.09/turn

%: no passive effects
@: lethally poisoned (-1 -> -3), tree-form, hasted, very quick
A: stationary, stasis, torment immunity, boosted hp, (nimble swimmer 2),
(mertail)
a: no special abilities


You were on level 2 of the Dungeon.
You were a tree.
You visited 1 branch of the dungeon, and saw 6 of its levels.

You collected 65 gold pieces.

Inventory:

Hand Weapons
 a - a +0 spear
 p - a +0 scythe (weapon)
Armour
 b - a +0 leather armour (melded)
 o - a +0 helmet (melded)
Jewellery
 k - a ring of poison resistance (left branch)
 l - a ring of ice
Wands
 g - a wand of digging (3)
Scrolls
 c - 2 scrolls of fog
 d - 3 scrolls of teleportation {unknown}
 e - a scroll of fear
 f - a scroll of butterflies {unknown}
 h - 6 scrolls of identify
 i - a scroll of noise {unknown}
 j - a scroll of revelation
 m - a scroll of brand weapon {unknown}
 r - a scroll of enchant armour {unknown}


   Skills:
 - Level 3.3 Fighting
 + Level 7.5 Polearms
 - Level 2.7 Dodging
 - Level 5.9 Stealth


You had 4 spell levels left.
You didn't know any spells.
Your spell library was empty.

Dungeon Overview and Level Annotations

Branches:
Dungeon (6/15)
 Temple: D:4-7

Altars:

Shops:
D:2 =

Annotations:
D:2 Crazy Yiuf


Innate Abilities, Weirdness & Mutations

You are a tree.
Your roots penetrate the ground, keeping you stationary.
You cannot be teleported.
You are immune to unholy pain and torment.
Your maximum health is greatly increased.
Your equipment is partially melded.
((You are very nimble when in or above water. (Stealth+, EV+, Speed+++)))
((Your lower body shifts to a powerful aquatic tail in water.))


Message History

You feel very sick. Crazy Yiuf hits you but does no damage.
Unknown command.
You turn into a tree.
Your +0 helmet melds into your body.
Your +0 leather armour melds into your body.
Your roots penetrate the ground.
You feel sick.
Crazy Yiuf hits you with a +4 quarterstaff of chaos!
* * * LOW HITPOINT WARNING * * *
Unknown command.
Unknown command.
Unknown command.
You hit Crazy Yiuf but do no damage.
Crazy Yiuf is moderately wounded.
You feel sick. Crazy Yiuf hits you but does no damage.
Unknown command.
You closely miss Crazy Yiuf.
Crazy Yiuf is moderately wounded.
You feel sick.
Crazy Yiuf hits you with a +4 quarterstaff of chaos!
* * * LOW HITPOINT WARNING * * *
You feel a strange sense of stasis.
Unknown command.
You hit Crazy Yiuf.
Crazy Yiuf is severely wounded.
You feel sick.
Crazy Yiuf hits you with a +4 quarterstaff of chaos.
* * * LOW HITPOINT WARNING * * *
Crazy Yiuf draws strength from your wounds!
Unknown command.
You feel yourself speed up.
* * * LOW HITPOINT WARNING * * *
You feel sick. Crazy Yiuf hits you but does no damage.
Unknown command.
You hit Crazy Yiuf.
Crazy Yiuf is heavily wounded.
* * * LOW HITPOINT WARNING * * *
You feel sick.
Crazy Yiuf says, "Paint!"
Crazy Yiuf hits you with a +4 quarterstaff of chaos.
You die...

##[# #.# #.# #######
#.### #...... ##.#.#
######♣♣ ##### #......
.#.#.###......♣♣ ♣♣#..)#
#......
.#.#.........♣.♣♣♣♣.'...#
#......
.#.#.##.##...PP.♣g.♣#...#
#######
..........#..P.♣♣♣♣♣#####
#......
..##......###♣♣♣♣♣
#.....# ..##......#
#.....#
..##......#########
#######.....#
...#......#.......#
#...........#
...'......###.....#
#...........# ...#......#
#.....# ###########.#
...#).....# #.....#######
#.# ...#......#
#...........### #.#


You could see Crazy Yiuf.

Vanquished Creatures
  Sigmund (D:2)
  2 dart slugs (D:1)
  A ribbon worm (D:2)
  An orc (D:3)
  9 endoplasms
  2 giant cockroaches
  2 hobgoblins
  6 jackals
  3 quokkas
  7 bats
  2 frilled lizards
  4 goblins
  5 kobolds
  4 rats
49 creatures vanquished.

Notes
Turn   | Place    | Note
-------+----------+-------------------------------------------
     0 | D:5      | BeingJoeMalik the Merfolk Delver began the quest for the
                  | Orb.
     0 | D:5      | Reached XP level 1. HP: 18/18 MP: 1/1
    29 | D:6      | Noticed an orc wizard
    57 | D:4      | Noticed an orc priest
   245 | D:3      | Reached XP level 2. HP: 22/24 MP: 2/2
   320 | D:3      | Reached skill level 3 in Polearms
   698 | D:1      | Reached XP level 3. HP: 29/29 MP: 3/3
   717 | D:1      | Reached skill level 4 in Polearms
  1151 | D:1      | Found a faded altar of an unknown god.
  1275 | D:2      | Noticed Sigmund
  1303 | D:2      | Killed Sigmund
  1304 | D:2      | Reached skill level 7 in Polearms
  1304 | D:2      | Reached XP level 4. HP: 7/35 MP: 4/4
  1304 | D:2      | Reached XP level 5. HP: 9/41 MP: 5/5
  1457 | D:2      | Found Folua's One-of-a-Kind Rings.
  2050 | D:2      | Found a runed translucent door.
  2051 | D:2      | Noticed Crazy Yiuf
  2071 | D:2      | HP: 2/61 [Crazy Yiuf/+4 quarterstaff of chaos (4)]
  2073 | D:2      | Slain by Crazy Yiuf

Illustrated notes

Levels and vault maps discovered:
D:1:      amcnicky_arrival_single_pillar, layout_loops_ring,
          shapermc_ecumenical_altar_mp_vishouse, minmay_octomino_j4
D:2:      layout_basic, nicolae_shop_unique_rings, uniq_crazy_yiuf_cottage,
          uniq_sigmund
D:3:      minmay_chambers_of_twos, layout_basic, serial_shops,
          nicolae_shop_bloodbath_and_beyond
D:4:      layout_gridville, mainiacjoe_overflow_catwalk,
          mainiacjoe_overflow_tiny_flanked, glass_columns_a, minmay_cupped
D:5:      layout_basic, lightli_temple_of_fire, serial_demonic,
          serial_demonic_e, serial_demonic_f, serial_demonic_e,
          serial_demonic_b, enter_ossuary_4, uniq_menkaure
D:6:      layout_rooms, serial_co_window_serial, co_window_cross_1,
          co_window_corner_a, co_window_paths_b, co_window_paths_a,
          co_window_paths_a, co_window_corner_b, co_window_unsneaky_path_d,
          co_window_broadway_b, co_window_corner_b, co_window_unsneaky_path_e,
          co_window_unsneaky_path_a, co_window_paths_d, glass_columns_b,
          glass_columns_b, glass_columns_a, glass_columns_a, glass_columns_b,
          lightli_church_of_beogh

Skill      XL: |  1  2  3 |
---------------+----------+-----
Polearms       | 3 7 |  7.5
Fighting       | |  3.3
Dodging        | |  2.7
Stealth        | |  5.9

Action                     |  1- 3 |  4- 6 || total
---------------------------+-------+-------++-------
  Melee: Spear             |   176 |       ||   176
         Punch             |     2 |       ||     2
         Halberd           |       |    32 ||    32
    Use: Potion            |     2 |     2 ||     4
         Scroll            |     2 |     1 ||     3
   Stab: Sleeping          |    18 |     2 ||    20
         Distracted        |     1 |       ||     1
 Armour: Leather armour    |    53 |     5 ||    58
         Skin              |       |     6 ||     6
  Dodge: Dodged            |    65 |     7 ||    72
